 Dungeon Crawl Stone Soup version 0.29.1-1-gd02db6906a (webtiles) character file.

Game seed: 511969635034568219

123 Sabo the Gusty (level 4, -1/31 HPs)
             Began as a Demonspawn Air Elementalist on Sept 21, 2022.
             Was a Follower of Vehumet.
             Slain by an orc wizard
             ... wielding a +0 dagger
              (4 damage)
             ... on level 4 of the Dungeon.
             The game lasted 00:28:16 (3881 turns).

Sabo the Gusty (Demonspawn Air Elementalist)        Turns: 3881, Time: 00:28:17

Health: -1/31      AC:  2    Str:  8    XL:     4   Next: 80%
Magic:  7/8        EV: 12    Int: 19    God:    Vehumet [*.....]
Gold:   114        SH:  0    Dex: 13    Spells: 8/9 levels left

rFire   . . .      SeeInvis .   t - +2 short sword (venom)
rCold   . . .      Faith    .   (no shield)
rNeg    . . .      Spirit   .   a - +0 robe
rPois   .          Reflect  .   (no helmet)
rElec   .          Harm     .   (no cloak)
rCorr   +          Rampage  .   (no gloves)
Will    .....                   (no boots)
Stlth   ++........              (no amulet)
HPRegen 0.10/turn               i - ring of resist corrosion
MPRegen 0.22/turn               (no ring)

@: no status effects
A: hooves 1, magic regeneration
a: Renounce Religion


You were on level 4 of the Dungeon.
You worshipped Vehumet.
Vehumet was aware of your devotion.
You visited 1 branch of the dungeon, and saw 4 of its levels.

You collected 198 gold pieces.
You spent 84 gold pieces at shops.

Inventory:

Hand Weapons
 f - a +0 sling
 g - a +0 trident
 n - a +0 hand axe
 t - a +2 short sword of venom (weapon)
Missiles
 k - 5 poisoned darts
Armour
 a - a +0 robe (worn)
Jewellery
 i - a ring of resist corrosion (left hand)
Scrolls
 d - a scroll of teleportation
 o - 2 scrolls of enchant weapon
 p - a scroll of noise {unknown}
 r - 2 scrolls of amnesia {unknown}
 s - a scroll of magic mapping {unknown}
 v - a scroll of poison {unknown}
Potions
 b - a potion of magic
 c - 4 potions of curing
 e - a potion of mutation {unknown}
 h - 4 potions of attraction {unknown}
 j - a potion of resistance {unknown}
 l - a potion of berserk rage {unknown}
 m - 2 potions of lignification {unknown}
 q - a potion of flight {unknown}
 u - a potion of heal wounds


   Skills:
 + Level 0.5 Fighting
 + Level 0.1 Polearms
 + Level 2.4 Dodging
 + Level 2.2 Stealth
 + Level 0.1 Unarmed Combat
 + Level 3.0 Spellcasting
 + Level 1.7 Conjurations
 + Level 3.4 Air Magic


You had 8 spell levels left.
You knew the following spells:

 Your Spells              Type           Power      Damage    Failure   Level
a - Shock                 Conj/Air       48%        1d6       5%          1

Your spell library contained the following spells:

 Spells                   Type           Power      Damage    Failure   Level
 Searing Ray              Conj           18%        2d5       11%         2
 Static Discharge         Conj/Air       12%        3-5/arc   8%          2
 Swiftness                Air            16%        N/A       11%         3
 Apportation              Tloc           4%         N/A       16%         1
 Blink                    Tloc           4%         N/A       22%         2
 Airstrike                Air            8%         2d(2-18)  36%         4
 Lesser Beckoning         Tloc           2%         N/A       41%         3
 Manifold Assault         Tloc           2%         N/A       99%         5


Dungeon Overview and Level Annotations

Branches:
Dungeon (4/15)
 Temple: D:4-7

Altars:
Trog
Vehumet

Shops:
D:1 *!*(


Innate Abilities, Weirdness & Mutations

You have large cloven feet.
You regenerate magic rapidly.


Message History

Casting: Shock (safe; 5% risk of failure)
Confirm with . or Enter, or press ? or * to list all spells.
Aiming: Shock (safe; 5% risk of failure)
Press: ? - help, Shift-Dir - straight line, f - orc
Aim: an orc, wielding a +0 whip and wearing a +0 leather armour (68% to hit)
The zap hits the orc but does no damage.
The orc wizard gestures wildly while chanting.
The orc wizard flickers and vanishes!
Deactivating autopickup; reactivate with Ctrl-A.
The orc hits you with a +0 whip.
You hit the orc. Your kick misses the orc.
The orc is heavily wounded.
The orc closely misses you.
You hit the orc.
You kill the orc!
Vehumet accepts your kill.
You hear some strange, mumbled words.
A puff of flame appears from out of thin air!
The puff of flame hits you!
Items here: )) [ ††.
You miss something. Your kick misses something. Something hits you.
You closely miss something. Your kick misses something.
Something hits you but does no damage.
You closely miss something. Your kick misses something.
Something hits you but does no damage.
You closely miss something. Something completely misses you.
You hit something but do no damage. You kick something.
You hear the slow rusting of a drain.
Something hits you.
You completely miss something. Your kick misses something. Something hits you.
You barely miss something. Your kick misses something. Something hits you.
You hit something.
You hear some strange, mumbled words.
A magic dart appears from out of thin air!
The magic dart hits you.
* * * LOW HITPOINT WARNING * * *
You miss something. Your kick misses something. Something hits you.
* * * LOW HITPOINT WARNING * * *
Something hits you.
You die...

#######
#.......#
#.#$..#.#
........
#.#...#
#.#..# #.#.#
###
#>#.###...#
#...@{..#
###.####.))†.
####....# ~?.
#.......# .
#(##..### #
#....#
#.###.#######
#........##.#
#####.#####<#


There were no monsters in sight!

Vanquished Creatures
  4 gnolls (D:2)
  A worm (D:2)
  4 dart slugs
  4 orcs (D:4)
  8 ball pythons
  3 endoplasms
  4 giant cockroaches
  6 goblins
  5 hobgoblins
  4 jackals (D:1)
  5 kobolds
  3 quokkas
  2 bats (D:1)
  5 frilled lizards
  9 rats
67 creatures vanquished.

Vanquished Creatures (others)
  A fungus (D:2)
1 creature vanquished.

Grand Total: 68 creatures vanquished

Notes
Turn   | Place    | Note
-------+----------+-------------------------------------------
     0 | D:1      | Sabo the Demonspawn Air Elementalist began the quest for
                  | the Orb.
     0 | D:1      | Reached XP level 1. HP: 13/13 MP: 3/3
  1049 | D:1      | Gained mutation: You regenerate magic rapidly. [demonic
                  | ancestry]
  1049 | D:1      | Reached XP level 2. HP: 13/19 MP: 1/5
  1167 | D:1      | Found Riem's Assorted Antiques.
  1170 | D:1      | Found Veacwamu's Weapon Shop.
  1520 | D:1      | Found Fuskan's General Store.
  1548 | D:1      | Found Ycuib's Distillery.
  1672 | D:1      | Gained mutation: You have large cloven feet. [demonic
                  | ancestry]
  1672 | D:1      | Reached XP level 3. HP: 24/24 MP: 3/6
  2043 | D:2      | Found a faded altar of an unknown god.
  2065 | D:2      | Got Plato's Disquisition on Orientation
  2068 | D:2      | Prayed at the altar of an unknown god.
  2068 | D:2      | Became a worshipper of Vehumet
  2068 | D:2      | Reached * piety under Vehumet
  2068 | D:2      | Offered knowledge of Freeze by Vehumet.
  2144 | D:2      | Reached XP level 4. HP: 14/31 MP: 8/8
  2959 | D:3      | Found a bloodstained altar of Trog.
  3603 | D:1      | Bought a potion of heal wounds for 60 gold pieces
  3633 | D:1      | Bought a scroll of identify for 24 gold pieces
  3858 | D:4      | Offered knowledge of Searing Ray by Vehumet.
  3881 | D:4      | Slain by an orc wizard

Illustrated notes

Levels and vault maps discovered:
D:1:      dpeg_arrival_renting, layout_loops_cross, serial_shops,
          nicolae_shop_hallway_stairs, shop, shop_coins, nicolae_diamond_shop,
          serial_bayou_crossing
D:2:      layout_rooms, shapermc_ecumenical_altar_rom_forum
D:3:      layout_rooms, lemuel_tele_altar
D:4:      minmay_angry_zag, layout_loops_corners, minmay_temple_entry_statues,
          portal_sewer_entry_b

Skill      XL: |  1  2  3  4 |
---------------+-------------+-----
Dodging        | 2 |  2.4
Air Magic      | 3 |  3.4
Stealth        | 2 |  2.2
Spellcasting   | 3 |  3.0
Fighting       | |  0.5
Polearms       | |  0.1
Unarmed Combat | |  0.1
Conjurations   | |  1.7

Action                   |  1- 3 |  4- 6 || total
-------------------------+-------+-------++-------
Melee: Unarmed           |    35 |       ||    35
       Dagger            |    12 |       ||    12
       Trident           |    20 |     6 ||    26
       Short sword       |     1 |    15 ||    16
       Kick              |     2 |     2 ||     4
 Cast: Shock             |    80 |    46 ||   126
  Use: Potion            |     1 |     1 ||     2
       Scroll            |       |     3 ||     3
 Stab: Sleeping          |       |     1 ||     1
Armor: Robe              |    17 |     3 ||    20
Dodge: Dodged            |    48 |     7 ||    55
